 Dungeon Crawl Stone Soup version 0.20-a0-214-gb74cb0e (webtiles) character file.

264 Lochraine the Skirmisher (level 6, 0/65 HPs)
             Began as an Ogre Assassin on Nov 27, 2016.
             Succumbed to a scorpion's poison
             ... on level 4 of the Dungeon.
             The game lasted 00:11:14 (3623 turns).

Lochraine the Skirmisher (Ogre Assassin)            Turns: 3623, Time: 00:11:15

Health: 0/65       AC:  4    Str: 18    XL:     6   Next: 19%
Magic:  6/6        EV:  9    Int: 10    God:
Gold:   171        SH:  0    Dex: 12    Spells: 5/5 levels left

rFire  . . .     SeeInvis .     a - +0 mace
rCold  . . .     Gourm    .     y - +0 animal skin
rNeg   + . .     Faith    .     (no shield)
rPois  .         Spirit   .     (helmet restricted)
rElec  .         Reflect  .     d - +0 cloak
rCorr  .         Harm     .     (gloves unavailable)
MR     +....                    (boots unavailable)
Stlth  ++........               B - amulet of regeneration
                                A - ring of positive energy
                                s - ring of protection from magic

@: lethally poisoned (0 -> -3)
A: unfitting armour, tough skin 1
a: no special abilities


You were on level 4 of the Dungeon.
You were not hungry.

You visited 1 branch of the dungeon, and saw 5 of its levels.

You collected 171 gold pieces.

Inventory:

Hand Weapons
 a - a +0 mace (weapon)
 b - a +0 blowgun
 m - a +2 dagger
 E - a +6 club
Missiles
 e - 7 poisoned needles
 f - a curare-tipped needle
 h - 7 javelins (quivered)
Armour
 d - a +0 cloak (worn)
 y - a +0 animal skin (worn)
Jewellery
 s - a ring of protection from magic (left hand)
 x - an uncursed amulet of rage
 A - a ring of positive energy (right hand)
 B - an amulet of regeneration (around neck)
 C - an uncursed amulet of harm {unknown}
Scrolls
 i - 7 scrolls of identify
 n - a scroll of magic mapping
 o - a scroll of noise {unknown}
 p - a scroll of fog {unknown}
 t - a scroll of blinking {unknown}
 w - 2 scrolls of teleportation
 z - a scroll of recharging {unknown}
 D - a scroll of amnesia
Potions
 r - a potion of degeneration
 u - a potion of brilliance
 F - a potion of cure mutation
Comestibles
 g - a bread ration
 q - a slice of pizza
 v - 2 meat rations
 G - a beef jerky


   Skills:
 + Level 4.9 Fighting
 - Level 1.2 Short Blades
 + Level 4.0 Maces & Flails
 - Level 3.8 Throwing
 - Level 1.1 Dodging
 - Level 2.9 Stealth
 + Level 1.2 Evocations


You had 5 spell levels left.
You didn't know any spells.

Dungeon Overview and Level Annotations

Branches:
Dungeon (5/15)
 Temple: D:4-7

Altars:


Innate Abilities, Weirdness & Mutations

You are too large for most types of armour.
You have tough skin. (AC +1)


Message History

You feel strangely unstable.
* * * LOW HITPOINT WARNING * * *
You feel sick.
* * * LOW HITPOINT WARNING * * *
You feel sick.
Your surroundings suddenly seem different.
* * * LOW HITPOINT WARNING * * *
You feel sick.
A ball python comes into view.
Okay, then.
Okay, then.
You aren't carrying any items that you can evoke.
As you read the scroll labeled HIOQUFINIE, it crumbles to dust.
You feel blessed for a moment.
It was a scroll of remove curse.
* * * LOW HITPOINT WARNING * * *
You feel sick.
As you read the scroll labeled WYT AGIAWN, it crumbles to dust.
The creatures around you are filled with an inner flame!
It was a scroll of immolation.
You die...

####*** #..,,,*
#.#**,****** #@#
*,,,,,,*
#.#**,,,,,,*******
#.#,,,,,,,,,,,,,,,
#.#,*,,,,,,,,,,,,,
#S#,******,,,,,,,,
#.#,******,,,,,,,,
#.#,,,,,**,,,,,,,,
#.#,>,,,,,,,,,,,,,
*,*,,,,,,,,,,*****


You could see a ball python (inner flame).

Vanquished Creatures
  An orc wizard (D:3)
  Jessica (D:3)
  A worker ant (D:4)
  Robin (D:2)
  6 adders
  3 worms
  3 dart slugs
  4 leopard geckos
  9 orcs
  5 giant cockroaches
  19 goblins
  11 hobgoblins
  A jackal (D:2)
  7 kobolds
  A ball python (D:1)
  8 bats
  3 frilled lizards
  8 rats
92 creatures vanquished.

Vanquished Creatures (others)
  A goblin (D:3)
1 creature vanquished.

Grand Total: 93 creatures vanquished

Notes
Turn   | Place    | Note
-------+----------+-------------------------------------------
     0 | D:1      | Lochraine the Ogre Assassin began the quest for the Orb.
     0 | D:1      | Reached XP level 1. HP: 22/22 MP: 1/1
    14 | D:1      | Reached skill level 1 in Dodging
    80 | D:1      | Reached XP level 2. HP: 26/31 MP: 2/2
   572 | D:1      | Reached XP level 3. HP: 35/37 MP: 3/3
   596 | D:1      | Reached skill level 1 in Maces & Flails
  1353 | D:2      | Reached XP level 4. HP: 48/48 MP: 4/4
  1553 | D:2      | Noticed Robin
  1881 | D:2      | Killed Robin
  2037 | D:2      | Reached XP level 5. HP: 16/54 MP: 5/5
  3227 | D:3      | Noticed Jessica
  3231 | D:3      | Killed Jessica
  3231 | D:3      | Reached skill level 1 in Evocations
  3348 | D:3      | Reached XP level 6. HP: 55/63 MP: 6/6
  3572 | D:5      | Entered Level 5 of the Dungeon
  3572 | D:5      | Noticed a yak
  3572 | D:5      | Noticed a yak
  3572 | D:5      | Noticed a yak
  3572 | D:5      | Noticed a yak
  3619 | D:4      | HP: 3/65 [poisoned by a scorpion]
  3621 | D:4      | HP: 1/65 [poisoned by a scorpion]
  3623 | D:4      | Succumbed to a scorpion's poison

Vault maps used:
D:1:      dpeg_arrival_rooms_with_view
D:2:      uniq_robin
D:3:      uniq_jessica
D:5:      lightli_ossuary_entry_decrepit_ruins, first_bread, sword_in_stone

Skill      XL: |  1  2  3  4  5  6 |
---------------+-------------------+-----
Dodging        | 1 |  1.1
Fighting       | 3 4 |  4.9
Maces & Flails | 1 2 3 4 |  4.0
Throwing       | 3 |  3.8
Evocations     | 1 |  1.2
Short Blades   | |  1.2
Stealth        | |  2.9

Action                   |  1- 3 |  4- 6 || total
-------------------------+-------+-------++-------
Melee: Dagger            |    32 |       ||    32
       Mace              |    82 |   167 ||   249
       Club              |       |    49 ||    49
 Fire: Blowgun           |     2 |    13 ||    15
Throw: Javelin           |       |     8 ||     8
  Use: Potion            |       |     3 ||     3
       Scroll            |       |    11 ||    11
 Stab: Sleeping          |     5 |     9 ||    14
       Distracted        |     2 |     1 ||     3
  Eat: Chunk             |     2 |     7 ||     9
Armor: Robe              |    37 |    24 ||    61
       Animal skin       |       |    45 ||    45
Dodge: Dodged            |    60 |   101 ||   161
